 Dungeon Crawl Stone Soup version 0.29.1-2-gbd0b4ee654 (webtiles) character file.

Game seed: 7374696035673084984

68 qeuew the Poker (level 4, -1/34 HPs)
             Began as a Merfolk Gladiator on Nov 10, 2022.
             Slain by a goblin
             ... wielding a +0 dagger
             ... led by Robin
              (2 damage)
             ... on level 2 of the Dungeon.
             The game lasted 00:02:46 (1459 turns).

qeuew the Poker (Merfolk Gladiator)                 Turns: 1459, Time: 00:02:46

Health: -1/34      AC:  6    Str: 16    XL:     4   Next: 19%
Magic:  4/4        EV: 12    Int:  7    God:
Gold:   24         SH:  0    Dex: 15    Spells: 3/3 levels left

rFire   + . .      SeeInvis .   a - +0 trident
rCold   + . .      Faith    .   (no shield)
rNeg    . . .      Spirit   .   g - +0 ring mail
rPois   .          Reflect  .   c - +0 helmet
rElec   .          Harm     .   i - scarf {rC+ rF+}
rCorr   .          Rampage  .   (no gloves)
Will    .....                   (no boots)
Stlth   +.........              (no amulet)
HPRegen 0.11/turn               (no ring)
MPRegen 0.09/turn               (no ring)

@: no status effects
A: (nimble swimmer 2), mertail
a: no special abilities


You were on level 2 of the Dungeon.
You visited 1 branch of the dungeon, and saw 2 of its levels.

You collected 24 gold pieces.

Inventory:

Hand Weapons
 a - a +0 trident (weapon)
Missiles
 d - 3 throwing nets (quivered)
 e - a javelin
Armour
 c - a +0 helmet (worn)
 g - a +0 ring mail (worn)
 i - a scarf of resistance (worn)
Scrolls
 f - 2 scrolls of identify


   Skills:
 + Level 2.9 Fighting
 + Level 4.6 Polearms
 + Level 2.6 Throwing
 + Level 1.0 Armour
 + Level 4.5 Dodging


You had 3 spell levels left.
You didn't know any spells.
Your spell library was empty.

Dungeon Overview and Level Annotations

Branches:
Dungeon (2/15)

Altars:

Annotations:
D:2 Robin


Innate Abilities, Weirdness & Mutations

((You are very nimble when in or above water. (Stealth+, EV+, Speed+++)))
Your lower body shifts to a powerful aquatic tail in water.


Message History

The jackal barely misses you.
The jackal bites you but does no damage.
The jackal bites you.
* * * LOW HITPOINT WARNING * * *
The jackal bites you but does no damage.
Unknown command.
You hit the jackal.
You kill the jackal!
The jackal closely misses you. The jackal completely misses you.
Robin roars a battlecry!
The goblins go into a battle-frenzy!
The jackal closely misses you.
You hear a shout!
You barely miss the goblin. The jackal barely misses you.
The goblin hits you with a +0 dagger.
* * * LOW HITPOINT WARNING * * *
The jackal completely misses you. The jackal barely misses you.
You hit the goblin.
The goblin is heavily wounded.
The jackal barely misses you. The goblin hits you with a +0 dagger.
* * * LOW HITPOINT WARNING * * *
The jackal bites you but does no damage. x2
You hit the goblin.
You kill the goblin!
The jackal bites you but does no damage.
A hobgoblin comes into view.
The jackal bites you but does no damage.
The jackal barely misses you. The goblin barely misses you.
You barely miss the goblin.
The hobgoblin shouts!
The jackal closely misses you. The jackal misses you.
The jackal bites you but does no damage.
The goblin barely misses you. The jackal closely misses you.
Unknown command.
You barely miss the goblin. The jackal bites you.
* * * LOW HITPOINT WARNING * * *
A kobold comes into view. It is wielding a +0 short sword.
The jackal bites you but does no damage.
The goblin hits you with a +0 dagger.
You die...

#.......
#......#
#......# ##
#......# .#
#......###.## #
#...........#..#
#....gh##g....K.
#....gh@ggg.....
##..#.####......
#..#.# .....
#..#†# ....
#.##.# ##...##
##.##.##..... #
#........#
####...#.#####.
#..............#


You could see Robin, 2 jackals, a hobgoblin (strong), 4 goblins and a kobold.

Vanquished Creatures
  An adder (D:2)
  A dart slug (D:1)
  3 ball pythons
  2 endoplasms
  A giant cockroach (D:1)
  11 goblins
  4 hobgoblins
  6 jackals
  6 kobolds
  5 quokkas
  4 bats
  A frilled lizard (D:2)
  6 rats
51 creatures vanquished.

Notes
Turn   | Place    | Note
-------+----------+-------------------------------------------
     0 | D:1      | qeuew the Merfolk Gladiator began the quest for the Orb.
     0 | D:1      | Reached XP level 1. HP: 16/16 MP: 1/1
   102 | D:1      | Reached XP level 2. HP: 20/23 MP: 2/2
   225 | D:1      | Found a faded altar of an unknown god.
   327 | D:1      | Reached XP level 3. HP: 17/28 MP: 3/3
  1411 | D:2      | Noticed Robin
  1419 | D:2      | Reached XP level 4. HP: 29/34 MP: 4/4
  1439 | D:2      | Reached skill level 1 in Armour
  1459 | D:2      | HP: 1/34 [jackal (2)]
  1459 | D:2      | Slain by a goblin

Illustrated notes

Levels and vault maps discovered:
D:1:      scummos_arrival_gate, layout_basic,
          shapermc_ecumenical_altar_flowoftime
D:2:      layout_rooms, chequers_serial_rivers_room_b, minmay_tromino_v4_b,
          uniq_robin

Skill      XL: |  1  2  3  4 |
---------------+-------------+-----
Armour         | 1 |  1.0
Fighting       | |  2.9
Polearms       | |  4.6
Throwing       | |  2.6
Dodging        | |  4.5

Action                   |  1- 3 |  4- 6 || total
-------------------------+-------+-------++-------
Melee: Trident           |   141 |    39 ||   180
       Punch             |     2 |       ||     2
  Use: Scroll            |     2 |     1 ||     3
       Potion            |       |     1 ||     1
Armor: Leather armour    |    20 |       ||    20
       Ring mail         |    33 |    36 ||    69
Dodge: Dodged            |   107 |    67 ||   174
